TOP OF THE 1ST |
---|
Pocatello Bellas batting - Pitching for Seattle Pikes : RHP Ron Hannah | Pitching: RHP Ron Hannah | | Batting: RHB Mario Carranza | 0-0: Ball 1-0: Called Strike 1-1: SOLO HOME RUN (Flyball, 78XD) (Inside the Park) | Batting: RHB Roberto Cruz | 0-0: Ball 1-0: SINGLE (Line Drive, 8LS) | Batting: LHB Joe Sanders | 0-0: Ball Roberto Cruz steals 2nd base 1-0: Ball 2-0: Ball 3-0: Called Strike 3-1: Base on Balls | Batting: LHB Al Mills | 0-0: Called Strike 0-1: Ball 1-1: Swinging Strike 1-2: Ball 2-2: Ball 3-2: Fly out, F8 (Flyball, 8LM) | Batting: RHB Clyde Kelley | 0-0: Ball 1-0: Ball 2-0: Called Strike 2-1: Ball 3-1: SINGLE (Groundball, 6D) Roberto Cruz to third Joe Sanders to second Runner from 3rd tries for Home, throw and OUT! | Batting: RHB Sergio Solíz | 0-0: Fly out, F9 (Line Drive, 9S) | Top of the 1st over - 1 run, 3 hits, 0 errors, 2 left on base; Pocatello 1 - Seattle 0 | BOTTOM OF THE 1ST |
---|
Seattle Pikes batting - Pitching for Pocatello Bellas : RHP Orlando Trinidad | Pitching: RHP Orlando Trinidad | | Batting: RHB Pete Rideout | 0-0: Ball 1-0: Ball 2-0: DOUBLE (Line Drive, 7LD) | Batting: RHB Wallace Greene | 0-0: Foul Ball, location: 2F 0-1: Ball 1-1: Reached on error, E6 (Groundball, 6M) Pete Rideout to third | Batting: LHB John Nicholson | 0-0: Ball 1-0: Called Strike 1-1: Ball 2-1: Ball 3-1: Called Strike 3-2: Base on Balls Wallace Greene to second | Batting: SHB Francisco García | 0-0: Foul Ball, location: 2F 0-1: Ball 1-1: Ball 2-1: Swinging Strike 2-2: Strikes out swinging | Batting: RHB Sergio Mora | 0-0: Called Strike 0-1: Called Strike 0-2: Ball 1-2: Foul Ball, location: 2F 1-2: Ball 2-2: Strikes out looking | Batting: RHB Hamilton Holbrook | 0-0: Foul Ball, location: 2F 0-1: Ball 1-1: DOUBLE (Line Drive, 5D) Pete Rideout scores Wallace Greene scores John Nicholson to third Runner from 3rd tries for Home, SAFE, no throw | Batting: RHB Iván Gonzáles | 0-0: Ball 1-0: Ball 2-0: Called Strike 2-1: Ball 3-1: Fly out, F9 (Flyball, 89M) | Bottom of the 1st over - 3 runs, 2 hits, 1 error, 1 left on base; Pocatello 1 - Seattle 3 | TOP OF THE 2ND |
---|
Pocatello Bellas batting - Pitching for Seattle Pikes : RHP Ron Hannah | Batting: LHB Pedro Camacho | 0-0: Ball 1-0: Fly out, F4 (Line Drive, 4) | Batting: LHB Héctor Rentería | 0-0: Ball 1-0: Called Strike 1-1: Called Strike 1-2: Foul Ball, location: 2F 1-2: Ball 2-2: SINGLE (Groundball, 6MD) | Batting: LHB Will Hill | 0-0: Fly out, F7 (Line Drive, 7S) | Now in LF: Manuel Rico | | Batting: RHB Mario Carranza | 0-0: Called Strike Héctor Rentería steals 2nd base 0-1: Fly out, F7 (Flyball, 7) | Top of the 2nd over - 0 runs, 1 hit, 0 errors, 1 left on base; Pocatello 1 - Seattle 3 | BOTTOM OF THE 2ND |
---|
Seattle Pikes batting - Pitching for Pocatello Bellas : RHP Orlando Trinidad | Batting: SHB António Hernández | 0-0: Called Strike 0-1: Called Strike 0-2: Strikes out swinging | Batting: SHB Richard Bowman | 0-0: Reached on error, E5 (Groundball, 56S) | Batting: RHB Pete Rideout | 0-0: Called Strike 0-1: Foul Ball, location: 2F 0-2: Strikes out swinging | Batting: RHB Wallace Greene | 0-0: Ball 1-0: Foul Ball, location: 2F 1-1: Ball 2-1: Swinging Strike 2-2: SINGLE (Groundball, 34D) Richard Bowman to third Runner from 3rd tries for Home, throw and OUT! | Bottom of the 2nd over - 0 runs, 1 hit, 1 error, 1 left on base; Pocatello 1 - Seattle 3 | TOP OF THE 3RD |
---|
Pocatello Bellas batting - Pitching for Seattle Pikes : RHP Ron Hannah | Batting: RHB Roberto Cruz | 0-0: SOLO HOME RUN (Flyball, 7LD), Distance : 366 ft | Batting: LHB Joe Sanders | 0-0: Ball 1-0: SINGLE (Line Drive, 9LS) | Batting: LHB Al Mills | 0-0: Called Strike 0-1: Ball 1-1: Ball 2-1: Swinging Strike 2-2: Strikes out swinging | Batting: RHB Clyde Kelley | 0-0: Ground out 4-3 (Groundball, 4MS) Joe Sanders to second | Batting: RHB Sergio Solíz | 0-0: Called Strike 0-1: Hit by Pitch | Batting: LHB Pedro Camacho | 0-0: Called Strike 0-1: Ball 1-1: Ball 2-1: Swinging Strike 2-2: Ground out 4-3 (Groundball, 4) | Top of the 3rd over - 1 run, 2 hits, 0 errors, 2 left on base; Pocatello 2 - Seattle 3 | BOTTOM OF THE 3RD |
---|
Seattle Pikes batting - Pitching for Pocatello Bellas : RHP Orlando Trinidad | Batting: LHB John Nicholson | 0-0: Fly out, F5 (Popup, 5) | Batting: SHB Francisco García | 0-0: Called Strike 0-1: Swinging Strike 0-2: Strikes out swinging | Batting: RHB Sergio Mora | 0-0: Ball 1-0: Ball 2-0: Called Strike 2-1: Ball 3-1: Ground out 6-3 (Groundball, 56) | Bottom of the 3rd over - 0 runs, 0 hits, 0 errors, 0 left on base; Pocatello 2 - Seattle 3 | TOP OF THE 4TH |
---|
Pocatello Bellas batting - Pitching for Seattle Pikes : RHP Ron Hannah | Batting: LHB Héctor Rentería | 0-0: Swinging Strike 0-1: Called Strike 0-2: Ball 1-2: Foul Ball, location: 2F 1-2: Strikes out looking | Batting: LHB Will Hill | 0-0: Swinging Strike 0-1: Ground out 5-3 (Groundball, 56) | Batting: RHB Mario Carranza | 0-0: Ball 1-0: SINGLE (Line Drive, 56D) | Batting: RHB Roberto Cruz | 0-0: Fielders Choice at 2nd, 6-4 (Groundball, 56) | Top of the 4th over - 0 runs, 1 hit, 0 errors, 1 left on base; Pocatello 2 - Seattle 3 | BOTTOM OF THE 4TH |
---|
Seattle Pikes batting - Pitching for Pocatello Bellas : RHP Orlando Trinidad | Batting: RHB Manuel Rico | 0-0: Fly out, F8 (Line Drive, 8LM) | Batting: RHB Iván Gonzáles | 0-0: Ball 1-0: Swinging Strike 1-1: Called Strike 1-2: Ball 2-2: Strikes out swinging | Batting: SHB António Hernández | 0-0: Called Strike 0-1: Foul Ball, location: 2F 0-2: Fly out, F9 (Flyball, 9D) | Bottom of the 4th over - 0 runs, 0 hits, 0 errors, 0 left on base; Pocatello 2 - Seattle 3 | TOP OF THE 5TH |
---|
Pocatello Bellas batting - Pitching for Seattle Pikes : RHP Ron Hannah | Pitching: LHP Rubén Rico | | Batting: LHB Joe Sanders | 0-0: Called Strike 0-1: Ball 1-1: Ground out 4-3 (Groundball, 4) | Batting: LHB Al Mills | 0-0: Ball 1-0: Foul Ball, location: 2F 1-1: Foul Ball, location: 2F 1-2: Ball 2-2: Foul Ball, location: 2F 2-2: Foul Ball, location: 2F 2-2: Foul Ball, location: 2F 2-2: Fly out, F8 (Flyball, 78XD) | Batting: RHB Clyde Kelley | 0-0: Ball 1-0: Called Strike 1-1: Swinging Strike 1-2: DOUBLE (Line Drive, 78S) | Batting: RHB Sergio Solíz | 0-0: Ground out 4-3 (Groundball, 34) | Top of the 5th over - 0 runs, 1 hit, 0 errors, 1 left on base; Pocatello 2 - Seattle 3 | BOTTOM OF THE 5TH |
---|
Seattle Pikes batting - Pitching for Pocatello Bellas : RHP Orlando Trinidad | Pitching: RHP Paul Pothecary | | Batting: SHB Richard Bowman | 0-0: Ground out U3 (Groundball, 3) | Batting: RHB Pete Rideout | 0-0: Called Strike 0-1: Swinging Strike 0-2: Ball 1-2: Ball 2-2: Ground out 5-3 (Groundball, 56) | Batting: RHB Wallace Greene | 0-0: Ball 1-0: Ball 2-0: Ball 3-0: Base on Balls | Batting: LHB John Nicholson | 0-0: Called Strike 0-1: Ball 1-1: Ball 2-1: Swinging Strike 2-2: Fly out, F3 (Line Drive, 3S) | Bottom of the 5th over - 0 runs, 0 hits, 0 errors, 1 left on base; Pocatello 2 - Seattle 3 | TOP OF THE 6TH |
---|
Pocatello Bellas batting - Pitching for Seattle Pikes : LHP Rubén Rico | Batting: LHB Pedro Camacho | 0-0: Called Strike 0-1: Ball 1-1: Fly out, F9 (Flyball, 9LM) | Batting: LHB Héctor Rentería | 0-0: Ball 1-0: Called Strike 1-1: Called Strike 1-2: Ground out 3-1 (Groundball, 34) | Batting: LHB Will Hill | 0-0: Ground out 3-1 (Groundball, 34) | Top of the 6th over - 0 runs, 0 hits, 0 errors, 0 left on base; Pocatello 2 - Seattle 3 | BOTTOM OF THE 6TH |
---|
Seattle Pikes batting - Pitching for Pocatello Bellas : RHP Paul Pothecary | Batting: SHB Francisco García | 0-0: Ball 1-0: Ground out U3 (Groundball, 3) | Batting: RHB Sergio Mora | 0-0: Ball 1-0: Foul Ball, location: 2F 1-1: Ball 2-1: Foul Ball, location: 2F 2-2: Strikes out swinging | Batting: RHB Manuel Rico | 0-0: Ball 1-0: Ball 2-0: Swinging Strike 2-1: Ball 3-1: Swinging Strike 3-2: Base on Balls | Batting: RHB Iván Gonzáles | 0-0: Foul Ball, location: 2F 0-1: Ball 1-1: Ball 2-1: Fly out, F9 (Line Drive, 9D) | Bottom of the 6th over - 0 runs, 0 hits, 0 errors, 1 left on base; Pocatello 2 - Seattle 3 | TOP OF THE 7TH |
---|
Pocatello Bellas batting - Pitching for Seattle Pikes : LHP Rubén Rico | Batting: RHB Mario Carranza | 0-0: Ball 1-0: Ground out U3 (Groundball, 34S) | Pinch Hitting: RHB Francisco Ibarra | 0-0: Ball 1-0: Ball 2-0: Called Strike 2-1: Ball 3-1: Called Strike 3-2: SINGLE (Line Drive, 6D) | Pinch Hitting: SHB Shane Hutchinson | 0-0: Called Strike 0-1: Called Strike 0-2: Fly out, F8 (Flyball, 8RM) | Pinch Hitting: RHB Francisco Sandoval | 0-0: Ball 1-0: Fielders Choice at 2nd, 5-4 (Groundball, 56) | Top of the 7th over - 0 runs, 1 hit, 0 errors, 1 left on base; Pocatello 2 - Seattle 3 | BOTTOM OF THE 7TH |
---|
Seattle Pikes batting - Pitching for Pocatello Bellas : RHP Paul Pothecary | Now at 3B: Francisco Sandoval | | Now at SS: Shane Hutchinson | | Now in CF: Francisco Ibarra | | Batting: SHB António Hernández | 0-0: Foul Ball, location: 2F 0-1: Swinging Strike 0-2: Ball 1-2: Ground out 4-3 (Groundball, 4MS) | Batting: SHB Richard Bowman | 0-0: Called Strike 0-1: Ball 1-1: SINGLE (Groundball, 34D) | Pinch Hitting: LHB Richard Hunter | 0-0: Grounds into double play, 4-6-3 (Groundball, 4) | Bottom of the 7th over - 0 runs, 1 hit, 0 errors, 0 left on base; Pocatello 2 - Seattle 3 | TOP OF THE 8TH |
---|
Pocatello Bellas batting - Pitching for Seattle Pikes : LHP Rubén Rico | Pitching: RHP Jimmy MacAulay | | Now at 2B: Pete Davis | | Pinch Hitting: LHB Ray Bryant | 0-0: Ball 1-0: Foul Ball, location: 2F 1-1: Foul Ball, location: 2F 1-2: Ground out 4-3 (Groundball, 4) | Pinch Hitting: LHB Keith Beard | 0-0: Called Strike 0-1: Ball 1-1: DOUBLE (Line Drive, 8LD) | Pitching: LHP Manny Sandoval | | Pinch Hitting: RHB R.J. Parker | 0-0: Ball 1-0: Foul Ball, location: 2F 1-1: Ball 2-1: Ball 3-1: Base on Balls | Pinch Hitting: RHB Carlos García | 0-0: Ball 1-0: Ball 2-0: Called Strike 2-1: Foul Ball, location: 2F 2-2: Strikes out looking | Batting: RHB Jackson Gibson | 0-0: Ball 1-0: Ball 2-0: Fly out, F4 (Line Drive, 34D) | Top of the 8th over - 0 runs, 1 hit, 0 errors, 2 left on base; Pocatello 2 - Seattle 3 | BOTTOM OF THE 8TH |
---|
Seattle Pikes batting - Pitching for Pocatello Bellas : RHP Paul Pothecary | Pitching: LHP Steve Paredes | | Now at 1B: Carlos García | | Now at SS: Morgan Gibbon | | Now in LF: Ray Bryant | | Now in RF: Keith Beard | | Batting: RHB Wallace Greene | 0-0: Ball 1-0: Ball 2-0: Swinging Strike 2-1: SINGLE (Groundball, 56S) (infield hit) | Batting: RHB Randy Sheppard | 0-0: Ball Wallace Greene is caught stealing 2nd base 1-0: Called Strike 1-1: Fly out, F8 (Flyball, 8LM) | Pinch Hitting: RHB Arnold Harmon | 0-0: Called Strike 0-1: Ball 1-1: Ball 2-1: Ground out 6-3 (Groundball, 6) | Bottom of the 8th over - 0 runs, 1 hit, 0 errors, 0 left on base; Pocatello 2 - Seattle 3 | TOP OF THE 9TH |
---|
Pocatello Bellas batting - Pitching for Seattle Pikes : LHP Manny Sandoval | Pitching: LHP Cristián Escobar | | Now at C: Javier Martínez | | Now in RF: Nate Rhodes | | Pinch Hitting: RHB Tomás Carranza | 0-0: Ball 1-0: Called Strike 1-1: Ball 2-1: Called Strike 2-2: Ground out 6-3 (Groundball, 6) | Batting: RHB Francisco Ibarra | 0-0: Foul Ball, location: 2F 0-1: Foul Ball, location: 2F 0-2: Strikes out looking | Batting: SHB Shane Hutchinson | 0-0: Ball 1-0: Called Strike 1-1: Ball 2-1: Foul Ball, location: 2F 2-2: Foul Ball, location: 2F 2-2: Ball 3-2: Base on Balls | Batting: RHB Francisco Sandoval | 0-0: Ball 1-0: Called Strike 1-1: Ball 2-1: Swinging Strike 2-2: Ground out 4-3 (Groundball, 4) | Top of the 9th over - 0 runs, 0 hits, 0 errors, 1 left on base; Pocatello 2 - Seattle 3 | |